 Dungeon Crawl Stone Soup version 0.29.1-12-g30fa7ad0bf (webtiles) character file.

Game seed: 3307521190196891330

178 mortz the Trooper (level 5, -1/34 HPs)
             Began as a Gargoyle Abyssal Knight on Dec 31, 2022.
             Was a Priest of Lugonu.
             Splashed by a jelly's acid (7 damage)
             ... on level 4 of the Dungeon.
             The game lasted 00:12:22 (3049 turns).

mortz the Trooper (Gargoyle Abyssal Knight)         Turns: 3049, Time: 00:12:23

Health: -1/34      AC:  6    Str: 18    XL:     5   Next: 58%
Magic:  7/7        EV:  7    Int: 11    God:    Lugonu [***...]
Gold:   80         SH:  0    Dex: 10    Spells: 4/4 levels left

rFire   . . .      SeeInvis .   s - +0 quarterstaff
rCold   . . .      Faith    .   (shield currently unavailable)
rNeg    + . .      Spirit   .   B - +0 chain mail
rPois   ∞          Reflect  .   r - +2 hat
rElec   +          Harm     .   (no cloak)
rCorr   .          Rampage  .   (no gloves)
Will    .....                   (no boots)
Stlth   ..........              (no amulet)
HPRegen 0.11/turn               (no ring)
MPRegen 0.10/turn               (no ring)

@: corroded
A: sickness immunity, AC +4, negative energy resistance 1, electricity
resistance, torment resistance 1, petrification resistance
a: Renounce Religion, Depart the Abyss, Bend Space, Banish


You were on level 4 of the Dungeon.
You worshipped Lugonu.
Lugonu was most pleased with you.
You visited 1 branch of the dungeon, and saw 4 of its levels.
You visited the Abyss 1 time.

You collected 80 gold pieces.

Inventory:

Hand Weapons
 a - a +2 mace
 j - a +0 battleaxe
 s - a +0 quarterstaff (weapon)
Missiles
 i - 23 stones (quivered)
 q - 5 javelins
Armour
 r - a +2 hat (worn)
 B - a +0 chain mail (worn)
Scrolls
 b - a scroll of summoning {unknown}
 c - a scroll of amnesia {unknown}
 d - a scroll of enchant weapon
 e - a scroll of identify
 h - a scroll of noise {unknown}
 k - a scroll of torment {unknown}
 m - a scroll of teleportation {unknown}
 t - a scroll of blinking {unknown}
 u - a scroll of enchant armour
 w - a scroll of fear
 x - a scroll of immolation {unknown}
 y - a scroll of vulnerability {unknown}
Potions
 f - a potion of might
 g - a potion of resistance
 l - 2 potions of mutation {unknown}
 n - 2 potions of curing {unknown}
 o - 2 potions of heal wounds {unknown}
 p - 2 potions of brilliance {unknown}
 v - 2 potions of haste {unknown}
 z - a potion of degeneration {unknown}
 A - a potion of magic {unknown}


   Skills:
 * Level 4.3 Fighting
 - Level 4.2 Maces & Flails
 + Level 2.1 Armour
 + Level 0.7 Dodging
 + Level 3.4 Invocations


You had 4 spell levels left.
You didn't know any spells.
Your spell library was empty.

Dungeon Overview and Level Annotations

Branches:
Dungeon (4/15) Zot: 20911
 Temple: D:4-7

Altars:
Xom


Innate Abilities, Weirdness & Mutations

You are immune to sickness and miasma.
Your stone body is resilient. (AC +4)
You are immune to poison.
You resist negative energy. (rN+)
You are resistant to electric shocks. (rElec)
You are resistant to unholy torment.
You are immune to petrification.


Message History

The adder is heavily wounded.
The adder bites you. The adder barely misses you.
You barely miss the adder.
The adder is heavily wounded.
You barely miss the adder.
The adder is heavily wounded.
The adder closely misses you. x2
You closely miss the adder.
The adder is heavily wounded.
The adder closely misses you.
You sock the adder!
You kill the adder!
Lugonu accepts your kill.
No target in view!
You see here a +0 club.
You see here a +0 battleaxe.
j - a +0 battleaxe
s - a +0 quarterstaff (weapon)
HP restored.
Found an escape hatch in the floor.
A jelly comes into view.
The jelly quivers.
An adder comes into view.
The adder hisses angrily.
You hit the jelly. The acid corrodes you!
Your hands burn!
The jelly is lightly wounded.
The jelly closely misses you.
You hit the jelly but do no damage.
Your hands burn!
The jelly is lightly wounded.
You hit the jelly.
Your hands burn!
The jelly is moderately wounded.
The adder bites you.
You hit the jelly.
Your hands burn!
The jelly is heavily wounded.
The adder closely misses you. The jelly hits you.
You are splashed with acid.
* * * LOW HITPOINT WARNING * * *
The jelly hits you.
* * * LOW HITPOINT WARNING * * *
The acid corrodes you!
You are splashed with acid!
You die...

############
...........#
#..J@...#
#..S....#
#...##..##
#.....###..##
.......#.....####
.....###...#....#
.....
#.>.####.####
..... .....#
#....## #......
####..#


You could see a jelly and an adder.

Vanquished Creatures
  2 orc priests (D:3)
  An orc wizard (D:3)
  3 adders
  5 dart slugs
  5 orcs (D:3)
  2 ball pythons
  3 bats (D:3)
  4 endoplasms (D:2)
  5 goblins
  6 hobgoblins
  4 jackals (D:3)
  2 quokkas
  3 frilled lizards
  2 kobolds (D:3)
  6 rats
53 creatures vanquished.

Notes
Turn   | Place    | Note
-------+----------+-------------------------------------------
     0 | Abyss:1  | mortz the Gargoyle Abyssal Knight began the quest for the
                  | Orb.
     0 | Abyss:1  | Reached XP level 1. HP: 14/14 MP: 2/2
     1 | D:1      | Escaped the Abyss
   666 | D:2      | Reached XP level 2. HP: 9/19 MP: 3/3
   881 | D:2      | Found a shimmering altar of Xom.
  1027 | D:2      | Found a faded altar of an unknown god.
  1362 | D:3      | Reached XP level 3. HP: 23/23 MP: 4/4
  1606 | D:3      | Reached XP level 4. HP: 12/29 MP: 4/6
  1999 | D:3      | Reached *** piety under Lugonu
  2233 | D:3      | Reached XP level 5. HP: 31/33 MP: 7/7
  3049 | D:4      | Splashed by a jelly's acid

Illustrated notes

Levels and vault maps discovered:
D:1:      ebering_trefoil_twist, layout_rooms
D:2:      layout_basic, chequers_ecumenical_altar_grove, basic_altar
D:3:      mumra_celtic_spiral_tile, layout_loops_ring, chequers_jeans
D:4:      layout_basic, minmay_temple_entry_mini_moons, uniq_menkaure,
          uniq_pikel

Skill      XL: |  1  2  3  4  5 |
---------------+----------------+-----
Maces & Flails | 3 4 |  4.2
Fighting       | 4 |  4.3
Invocations    | 3 |  3.4
Armour         | |  2.1
Dodging        | |  0.7

Action                   |  1- 3 |  4- 6 || total
-------------------------+-------+-------++-------
Melee: Mace              |    75 |    83 ||   158
       Punch             |       |     2 ||     2
       Quarterstaff      |       |     4 ||     4
Throw: Stone             |     3 |       ||     3
  Use: Scroll            |     3 |     2 ||     5
Armor: Leather armour    |     4 |       ||     4
       Scale mail        |    30 |    47 ||    77
       Chain mail        |       |    14 ||    14
Dodge: Dodged            |    26 |    32 ||    58
